 Dungeon Crawl Stone Soup version 0.31-a0-1074-g0b22e4e0f1 (webtiles) character file.

Game seed: 3800048217017975349

52 Smoke131 the Trooper (level 3, -4/39 HPs)
             Began as an Ogre Gladiator on Dec 2, 2023.
             Killed by divine providence
             ... invoked by an orc priest
              (16 damage)
             ... on level 3 of the Dungeon.
             The game lasted 00:03:06 (1712 turns).

Smoke131 the Trooper (Ogre Gladiator)               Turns: 1712, Time: 00:03:06

Health: -4/39      AC:  3    Str: 20    XL:     3   Next: 85%
Magic:  3/3        EV: 10    Int:  9    God:
Gold:   98         SH:  0    Dex: 10    Spells: 2/2 levels left

rFire   . . .        a - +0 trident
rCold   . . .        (no shield)
rNeg    . . .        b - +0 robe
rPois   .            c - +0 hat
rElec   .            (no cloak)
rCorr   .            (gloves unavailable)
SInv    .            (boots unavailable)
Will    .....        (no amulet)
Stlth   +            (no ring)
HPRegen 0.26/turn    (no ring)
MPRegen 0.08/turn

%: no passive effects
@: no status effects
A: large, unfitting armour, tough skin 1
a: no special abilities


You were on level 3 of the Dungeon.
You visited 1 branch of the dungeon, and saw 3 of its levels.

You collected 98 gold pieces.

Inventory:

Hand Weapons
 a - a +0 trident (weapon)
Missiles
 d - 3 throwing nets (quivered)
 e - a large rock
Armour
 b - a +0 robe (worn)
 c - a +0 hat (worn)
Wands
 j - a wand of paralysis (4)
Scrolls
 f - a scroll of torment {unknown}
 g - 2 scrolls of noise {unknown}
 i - a scroll of revelation {unknown}
 n - a scroll of identify {unknown}
Potions
 h - a potion of enlightenment {unknown}
 k - a potion of brilliance {unknown}
 l - a potion of heal wounds {unknown}
 m - a potion of curing {unknown}


   Skills:
 + Level 3.6 Fighting
 + Level 3.5 Polearms
 + Level 2.7 Throwing
 - Level 3.0 Dodging


You had 2 spell levels left.
You didn't know any spells.
Your spell library contained the following spells:

 Spells                   Type           Power      Damage    Failure   Level
 Ozocubu's Armour         Ice            0%         N/A       77%         3
 Anguish                  Hex/Necr       0%         N/A       99%         4
 Cause Fear               Hex            0%         N/A       99%         4
 Enfeeble                 Hex            0%         N/A       100%        7
 Ozocubu's Refrigeration  Ice            0%         4d7       100%        7


Dungeon Overview and Level Annotations

Branches:
Dungeon (3/15)

Altars:
Hepliaklqana

Annotations:
D:3 2 transporters, Pooter's ghost, amateur MiHu


Innate Abilities, Weirdness & Mutations

You are too large for most types of armour.
You have tough skin. (AC +1)


Message History

There is an open door here.
g - 2 scrolls labelled JAJOAHILOE (gained 1) Done exploring.
Done exploring.
There is an open door here.
There is a stone staircase leading down here.
You climb downwards.
Found a dagger.
There is a stone staircase leading up here.
Found a pair of boots.
You see here a +0 pair of boots.
Found a transporter.
The shadow imp shouts!
You see here a +0 pair of boots.
The shadow imp laughs crazily.
Found a large marble ring and 14 gold pieces.
The kobold shouts!
Found 15 gold pieces.
Found a transporter.
Pooter's ghost turns its malevolent gaze towards you.
An orc priest comes into view. It is wielding a +0 morningstar.
An orc comes into view. It is wielding a +0 club.
The shadow imp puffs mist at you.
The orc shouts!
The orc priest shouts!
You hear a shout! x2
You puncture the orc!
You kill the orc!
You see here a +0 club.
You barely miss the orc priest. The orc priest misses you.
You closely miss the orc priest. The orc priest closely misses you.
An orc comes into view. It is wielding a +0 war axe.
You closely miss the orc priest.
The orc priest hits you with a +0 morningstar.
You closely miss the orc priest.
The orc priest hits you with a +0 morningstar!
You barely miss the orc priest.
The orc priest invokes the aid of Beogh against you.
Pain shoots through your body!
You closely miss the orc priest.
The orc priest calls down the wrath of Beogh upon you.
Beogh smites you!
You die...

..####### ........##
.©.......# ######...#
....8##..# ###### ......#..#
#...<#
.....r#..###############)...#
....5W#...oo@......[........#
.©...B#..###############....#
.....K#..# ###### ......#..#
.....©#... .$=.8##o.##
######.... .©..o..$.#


You could see an orc priest, Pooter's ghost, an orc, a giant cockroach, a kobold
and a rat.

Vanquished Creatures
  A dart slug (D:1)
  An orc (D:3)
  10 ball pythons
  3 bats (D:1)
  6 endoplasms
  2 giant cockroaches (D:1)
  4 goblins
  3 hobgoblins (D:1)
  2 jackals (D:1)
  3 kobolds
  2 quokkas
  A frilled lizard (D:2)
  4 rats
42 creatures vanquished.

Notes
Turn   | Place    | Note
-------+----------+-------------------------------------------
     0 | D:1      | Smoke131 the Ogre Gladiator began the quest for the Orb.
     0 | D:1      | Reached XP level 1. HP: 22/22 MP: 1/1
    98 | D:1      | Reached XP level 2. HP: 28/31 MP: 2/2
   280 | D:1      | Reached XP level 3. HP: 34/37 MP: 3/3
  1052 | D:2      | Found a hazy altar of Hepliaklqana.
  1228 | D:2      | Found a faded altar of an unknown god.
  1673 | D:3      | Found a transporter.
  1693 | D:3      | Found a transporter.
  1693 | D:3      | Noticed Pooter's ghost (amateur MiHu)
  1712 | D:3      | Killed from afar by an orc priest

Illustrated notes

Levels and vault maps discovered:
D:1:      ncdulo_watergridlock, layout_loops_ring
D:2:      layout_loops_corners, basic_altar,
          hellmonk_ecumenical_altar_pennies_from_heaven,
          ebering_dispersal_statue_hall
D:3:      wad_lake_hut, layout_rooms, gammafunk_ghost_arena, serial_shops,
          shop_statue, uniq_natasha

Skill      XL: |  1  2 |
---------------+-------+-----
Fighting       | 3 |  3.6
Dodging        | 3 |  3.0
Polearms       | |  3.5
Throwing       | |  2.7

Action                     || total
---------------------------++-------
  Melee: Trident           ||   126
         Punch             ||     2
   Stab: Sleeping          ||     2
 Armour: Robe              ||    73
  Dodge: Dodged            ||    75

Table legend: (Time is in decaauts)
 A = Elapsed time spent in this place.
 B = Non-inter-level travel time spent in this place.
 C = Inter-level travel time spent in this place.
 D = Time resting spent in this place.
 E = Time spent auto-exploring this place.
 F = Levels seen in this place.
 G = Mean time per level.
                   A        B        C        D        E       F      G
               +--------+--------+--------+--------+--------+-----+--------+
         Total |   1729 |   1696 |     33 |      0 |   1297 |   3 |  576.3 |
       Dungeon |   1729 |   1696 |     33 |      0 |   1297 |   3 |  576.3 |
               +--------+--------+--------+--------+--------+-----+--------+

Top non-repeatable levels by time:
     D:2: 903 daAuts
     D:1: 769 daAuts
     D:3: 56 daAuts
